 Dungeon Crawl Stone Soup version 0.26-a0-771-g060e6a62af (webtiles) character file.

Game seed: 16129224261127105036

12337 Froggeryz the Grappler (level 11, -1/120 HPs)
             Began as a Naga Transmuter on Nov 8, 2020.
             Was a High Priest of Cheibriados.
             Slain by a wraith (7 damage)
             ... led by Josephine
             ... on level 11 of the Dungeon.
             The game lasted 00:23:08 (13471 turns).

Froggeryz the Grappler (Naga Transmuter)           Turns: 13471, Time: 00:23:08

Health: -1/120     AC: 11    Str: 28    XL:     11   Next: 91%
Magic:  16/16      EV: 13    Int: 28    God:    Cheibriados [*****.]
Gold:   623        SH:  0    Dex: 27    Spells: 9/17 levels left

rFire    x . .     SeeInvis +     - Unarmed
rCold    + + +     Faith    +   (shield currently unavailable)
rNeg     . . .     Spirit   .   (armour currently unavailable)
rPois    +         Reflect  .   (helmet currently unavailable)
rElec    .         Harm     .   (cloak currently unavailable)
rCorr    .         Rampage  .   (gloves currently unavailable)
MR       +....                  (no barding)
Stlth    ++........             E - amulet of faith
HPRegen  0.30/turn              s - ring of wizardry
MPRegen  0.15/turn              x - +4 ring of protection

@: ice-form (expiring), slowed, very slow
A: large, see invisible, spit poison 1, AC +3
a: Spit Poison, End Transformation, Bend Time, Temporal Distortion, Slouch, Step
From Time, Renounce Religion


You were on level 11 of the Dungeon.
You worshipped Cheibriados.
Cheibriados was extremely pleased with you.
You were a creature of crystalline ice.
You visited 2 branches of the dungeon, and saw 12 of its levels.

You collected 743 gold pieces.
You spent 120 gold pieces at shops.

Inventory:

Missiles
 t - 2 silver javelins (quivered)
Armour
 a - a +0 robe
 b - a +0 buckler of reflection (melded)
 e - a +0 pair of gloves (melded)
 f - a +0 cloak (melded)
 g - a +1 hat (melded)
 K - a +0 troll leather armour (melded)
Jewellery
 i - an uncursed amulet of reflection
 s - a ring of wizardry (left front paw)
 x - a +4 ring of protection (right front paw)
 E - an amulet of faith (around neck)
Wands
 u - a wand of digging (5)
 B - a wand of iceblast (10)
 J - a wand of paralysis (4)
 L - a wand of acid (9)
Scrolls
 c - 2 scrolls of fog {unknown}
 d - a scroll of fear
 h - 6 scrolls of remove curse
 j - 5 scrolls of enchant armour {unknown}
 k - 2 scrolls of enchant weapon {unknown}
 l - 6 scrolls of identify {unknown}
 m - a scroll of random uselessness
 n - a scroll of magic mapping {unknown}
 o - 5 scrolls of teleportation
 p - 3 scrolls of immolation {unknown}
 y - a scroll of amnesia {unknown}
 z - a scroll of blinking {unknown}
 F - a scroll of vulnerability {unknown}
 I - a scroll of brand weapon {unknown}
Potions
 q - 2 potions of ambrosia
 r - 2 potions of brilliance {unknown}
 v - 2 potions of heal wounds
 w - 2 potions of degeneration {unknown}
 A - a potion of cancellation {unknown}
 C - a potion of curing
 D - a potion of invisibility {unknown}
 G - a potion of resistance {unknown}
 H - 2 potions of mutation {unknown}


   Skills:
 + Level 7.1 Fighting
 + Level 4.0 Dodging
 - Level 6.5 Shields
 * Level 11.7 Unarmed Combat
 + Level 3.8 Spellcasting
 - Level 7.1 Transmutations
 - Level 3.0 Ice Magic
 - Level 4.0 Invocations


You had 9 spell levels left.
You knew the following spells:

 Your Spells              Type           Power        Failure   Level
a - Beastly Appendage     Tmut           #####.       1%          1
b - Spider Form           Tmut/Pois      ####......   2%          3
c - Ice Form              Ice/Tmut       ####....     4%          4

Your spell library contained the following spells:

 Spells                   Type           Power        Failure   Level
 Wereblood                Tmut           #####...     1%          2
 Shock                    Conj/Air       #...         3%          1
 Swiftness                Air            #.......     4%          2
 Blade Hands              Tmut           #####.....   4%          5
 Static Discharge         Conj/Air       #.......     9%          3
 Airstrike                Air            #.........   28%         4
 Lightning Bolt           Conj/Air       #.........   61%         5


Dungeon Overview and Level Annotations

Branches:
Dungeon (11/15)            Temple (1/1) D:6
   Lair: D:8-11         Orc: D:9-12

Altars:
Ashenzari
Cheibriados
Dithmenos
Elyvilon
Fedhas
Gozag
Hepliaklqana
Kikubaaqudgha
Makhleb
Nemelex Xobeh
Okawaru
Qazlal
Ru
Sif Muna
Trog
Uskayaw
Vehumet
Wu Jian
Xom
Yredelemnul
Zin
The Shining One

Shops:
D:4 =   D:5 ?

Annotations:
D:3 1 runed translucent door, Ozzies's ghost, amateur GrFi
D:8 1 runed translucent door, exclusion: door
D:11 Josephine


Innate Abilities, Weirdness & Mutations

You cannot wear boots.
((Your serpentine skin is tough. (AC +3)))
You have supernaturally acute eyesight. (SInv)
((Armour fits poorly on your strangely shaped body.))
((Your system is resistant to poisons. (rPois)))
((You cover ground very slowly.))
You can spit poison.


Message History

Cheibriados appreciates the change of pace.
Your Dodging skill increases to level 4!
The wraith hits you!
* * * LOW HITPOINT WARNING * * *
The wraith drains your vigour!
You feel yourself slow down.
You punch the wraith!
The wraith is moderately damaged.
The wraith hits you!
* * * LOW HITPOINT WARNING * * *
The wraith drains your vigour!
You feel as though you will be slow longer.
You barely miss the wraith.
The wraith is moderately damaged.
The wraith hits you.
* * * LOW HITPOINT WARNING * * *
You barely miss the wraith.
The wraith is moderately damaged.
Your transformation is almost over.
The wraith hits you!
You die...

.########.######
#.# #.# .# #.#
...# #.# ...#
#.# ...#### #.#
.......
#.#####.......
#..Y..........
#...W.........
#.............
#.............
#.............
#.............
..............@
################


You could see a wraith.

Vanquished Creatures
  3 two-headed ogres
  A queen ant (D:9)
  Pikel (D:4)
  A centaur zombie (D:11)
  A centaur skeleton (D:10)
  A komodo dragon (D:8)
  A troll (D:9)
  2 hornets (D:10)
  Prince Ribbit (D:7)
  2 wraiths (D:11)
  A wyvern (D:8)
  A steam dragon (D:11)
  Grum (D:11)
  6 soldier ants (D:9)
  4 orc warriors
  3 sky beasts
  2 black bears
  2 eyes of draining
  5 ogres
  A necrophage (D:9)
  3 wolves (D:11)
  5 centaurs
  A phantom (D:9)
  9 big kobolds
  6 bullfrogs
  A water moccasin zombie (D:3)
  6 scorpions
  23 wights
  2 howler monkeys (D:10)
  2 quasits
  3 hounds
  3 jellies
  8 orc priests
  A bullfrog skeleton (D:9)
  5 iguanas
  20 worker ants
  8 orc wizards
  A hound skeleton (D:4)
  4 gnolls
  13 adders
  2 shadow imps
  4 white imps
  2 ufetubi
  An ooze (D:2)
  An adder zombie (D:9)
  5 worms
  5 dart slugs
  5 leopard geckos
  35 orcs
  5 bats
  6 giant cockroaches
  5 goblins
  14 hobgoblins
  11 jackals
  54 kobolds
  5 quokkas
  2 ball pythons (D:2)
  9 frilled lizards
  A jackal skeleton (D:6)
  A leopard gecko skeleton (D:8)
  2 quokka skeletons
  2 quokka zombies
  18 rats
359 creatures vanquished.

Vanquished Creatures (others)
  A plant (D:1)
1 creature vanquished.

Grand Total: 360 creatures vanquished

Notes
Turn   | Place    | Note
-------+----------+-------------------------------------------
     0 | D:1      | Froggeryz the Naga Transmuter began the quest for the Orb.
     0 | D:1      | Reached XP level 1. HP: 18/18 MP: 3/3
   148 | D:1      | Reached XP level 2. HP: 16/25 MP: 3/5
   343 | D:1      | Reached skill level 1 in Shields
   811 | D:1      | Reached XP level 3. HP: 31/31 MP: 6/6
  1276 | D:2      | Found a faded altar of an unknown god.
  1638 | D:2      | Reached XP level 4. HP: 38/38 MP: 7/7
  1771 | D:2      | Found a glowing silver altar of Zin.
  2371 | D:3      | Reached XP level 5. HP: 44/44 MP: 8/8
  2376 | D:3      | Learned a level 3 spell: Spider Form
  2523 | D:3      | Reached skill level 4 in Unarmed Combat
  3279 | D:3      | Reached XP level 6. HP: 24/51 MP: 7/9
  3614 | D:3      | Found a runed translucent door.
  3615 | D:3      | Noticed Ozzies's ghost (amateur GrFi)
  3718 | D:4      | HP: 2/51 [hound (6)]
  4289 | D:4      | Found Qoupretu's Jewellery Shop.
  4458 | D:4      | Reached skill level 5 in Unarmed Combat
  4458 | D:4      | Reached XP level 7. HP: 57/57 MP: 6/10
  4484 | D:4      | Reached skill level 5 in Shields
  4662 | D:4      | Reached XP level 8. HP: 38/64 MP: 11/11
  4681 | D:4      | Reached skill level 6 in Unarmed Combat
  5312 | D:5      | Entered Level 5 of the Dungeon
  5351 | D:5      | Noticed Pikel
  5389 | D:4      | Killed Pikel
  5389 | D:4      | Reached skill level 7 in Unarmed Combat
  5389 | D:4      | Reached XP level 9. HP: 39/70 MP: 6/12
  5619 | D:5      | Reached skill level 5 in Transmutations
  5644 | D:5      | Found Qogedita's Magic Scroll Emporium.
  5649 | D:5      | Bought 2 scrolls of fear for 84 gold pieces
  5649 | D:5      | Bought a scroll of teleportation for 36 gold pieces
  5752 | D:5      | Learned a level 4 spell: Ice Form
  5752 | D:5      | Found a shadowy altar of Dithmenos.
  6184 | D:6      | Found a radiant altar of Vehumet.
  6212 | D:6      | Found a snail-covered altar of Cheibriados.
  6212 | D:6      | Found a white marble altar of Elyvilon.
  6368 | D:6      | Found a broken altar of Ashenzari.
  6446 | D:6      | Found a staircase to the Ecumenical Temple.
  6457 | D:6      | Reached skill level 1 in Ice Magic
  6464 | Temple   | Entered the Ecumenical Temple
  6882 | D:6      | Became a worshipper of Cheibriados the Contemplative
  7503 | D:6      | Found a shimmering altar of Xom.
  7771 | D:7      | Noticed Prince Ribbit
  7811 | D:7      | Killed Prince Ribbit
  8126 | D:7      | Reached skill level 8 in Unarmed Combat
  8562 | D:7      | Found a burning altar of Makhleb.
  8723 | D:7      | Reached * piety under Cheibriados
  8990 | D:8      | Noticed a two-headed ogre
  9005 | D:8      | Killed a two-headed ogre
  9005 | D:8      | Reached XP level 10. HP: 50/84 MP: 10/13
  9152 | D:8      | Found a runed translucent door.
  9405 | D:8      | Found a runed translucent door.
  9532 | D:8      | Found a hide-covered altar of Uskayaw.
  9535 | D:8      | Found an ancient bone altar of Kikubaaqudgha.
  9538 | D:8      | Found a basalt altar of Yredelemnul.
  9797 | D:8      | Reached skill level 9 in Unarmed Combat
  9805 | D:8      | Reached ** piety under Cheibriados
  9909 | D:8      | Noticed a five-headed hydra
 10106 | D:9      | Noticed a two-headed ogre
 10114 | D:9      | Killed a two-headed ogre
 10114 | D:9      | Reached skill level 5 in Fighting
 10114 | D:9      | Reached skill level 1 in Invocations
 10348 | D:9      | Noticed a two-headed ogre
 10362 | D:9      | Killed a two-headed ogre
 10362 | D:9      | Reached skill level 10 in Unarmed Combat
 10925 | D:9      | Reached XP level 11. HP: 96/96 MP: 9/14
 11429 | D:9      | Reached *** piety under Cheibriados
 11458 | D:9      | Noticed a queen ant
 11715 | D:9      | Reached **** piety under Cheibriados
 11996 | D:9      | Killed a queen ant
 11996 | D:9      | Reached skill level 11 in Unarmed Combat
 12197 | D:10     | Entered Level 10 of the Dungeon
 12296 | D:10     | Reached ***** piety under Cheibriados
 13143 | D:11     | Noticed Grum
 13330 | D:11     | Killed Grum
 13445 | D:11     | Noticed Josephine
 13452 | D:11     | Noticed a boulder beetle
 13470 | D:11     | HP: 6/120 [wraith[Josephine] (3)]
 13471 | D:11     | Slain by a wraith

Illustrated notes

Levels and vault maps discovered:
D:1:      dpeg_arrival_orchard, layout_basic, serial_bayou_pond_b,
          minmay_misc_feat_rows
D:2:      layout_basic, overflow_temple_1_default,
          chequers_ecumenical_altar_island
D:3:      layout_basic, gammafunk_ghost_grave
D:4:      minmay_goblin_kobold_castle, layout_cave_pools, serial_shops,
          nicolae_shop_behind_doors
D:5:      layout_rooms, overflow_temple_1_default, serial_shops,
          kennysheep_little_box, st_stairs_13, uniq_pikel
D:6:      layout_basic, ashenzari_conservatory_becter, fiery_altar_vehumet,
          gammafunk_temple_overflow_statue, minmay_temple_entry_mist,
          basic_altar
D:7:      layout_loops_ring, kennysheep_mini, minmay_fractal_squares_diagonal_5,
          uniq_prince_ribbit1
D:8:      cheibrodos_histonic, layout_basic, grunt_temple_overflow_diamond
D:9:      layout_basic, minmay_another_anthill
D:10:     lemuel_ice_spiral_2, layout_irregular_city, kennysheep_generic_room_14
D:11:     layout_small_grid, lair_entry_dummy, chequers_serial_rivers_marsh,
          uniq_grum, uniq_josephine
Temple:   minmay_temple_forest_path

Skill      XL: |  1  2  3  4  5  6  7  8  9 10 11 |
---------------+----------------------------------+-----
Shields        | 1 2 3 4 5 6 |  6.5
Unarmed Combat | 4 5 7 8 10 11 | 11.7
Transmutations | 4 6 7 |  7.1
Dodging        | 3 4 |  4.0
Ice Magic      | 3 |  3.0
Fighting       | 3 5 7 |  7.1
Invocations    | 3 4 |  4.0
Spellcasting   | 3 |  3.8

Action                   |  1- 3 |  4- 6 |  7- 9 | 10-12 || total
-------------------------+-------+-------+-------+-------++-------
Melee: Unarmed           |    98 |   243 |   426 |   493 ||  1260
       Headbutt          |     6 |    11 |     2 |     8 ||    27
Throw: Javelin           |       |       |       |     6 ||     6
 Cast: Beastly Appendage |     6 |    10 |     2 |     2 ||    20
       Spider Form       |       |     2 |    21 |     9 ||    32
       Ice Form          |       |       |       |    17 ||    17
 Abil: Spit Poison       |    11 |    13 |    10 |    13 ||    47
Evoke: Wand              |       |       |       |     2 ||     2
  Use: Potion            |       |     2 |     2 |     2 ||     6
       Scroll            |       |     2 |     1 |     7 ||    10
 Stab: Sleeping          |     1 |     1 |     1 |       ||     3
Armor: Robe              |    14 |    48 |    46 |    20 ||   128
       Skin              |       |       |    29 |    45 ||    74
       Troll leather arm |       |       |       |    61 ||    61
Dodge: Dodged            |    33 |    96 |   266 |   256 ||   651
Block: Buckler           |    11 |   110 |   122 |   102 ||   345
       Reflection        |       |     9 |     7 |     3 ||    19
       Other             |       |     1 |    57 |    32 ||    90

Table legend: (Time is in decaauts)
 A = Elapsed time spent in this place.
 B = Non-inter-level travel time spent in this place.
 C = Inter-level travel time spent in this place.
 D = Time resting spent in this place.
 E = Time spent auto-exploring this place.
 F = Levels seen in this place.
 G = Mean time per level.
                   A        B        C        D        E       F      G
               +--------+--------+--------+--------+--------+-----+--------+
         Total |  17632 |  16964 |    668 |   2944 |  11232 |  12 | 1469.3 |
       Dungeon |  17143 |  16536 |    607 |   2944 |  10805 |  11 | 1558.5 |
        Temple |    489 |    428 |     61 |      0 |    427 |   1 |  489.0 |
               +--------+--------+--------+--------+--------+-----+--------+

Top non-repeatable levels by time:
     D:9: 2774 daAuts
     D:4: 2073 daAuts
     D:7: 1856 daAuts
    D:10: 1720 daAuts
     D:8: 1608 daAuts
     D:3: 1581 daAuts
     D:1: 1503 daAuts
     D:6: 1357 daAuts
     D:2: 1311 daAuts
     D:5: 824 daAuts
    D:11: 531 daAuts
  Temple: 489 daAuts
